Cogmind - Beta 12 @@@ ROGUE MODE // 2024.02.16 @ 13:27:25 Player: ToasterKoishi Result: Destroyed by G-34 Mercenary with Small Laser Performance ------------- Evolutions (0) 0 Regions Visited (4) 800 Robots Destroyed (30) 150 Value Destroyed (440) 440 Prototype IDs (1) 20 Alien Tech Used (0) 0 Bonus (0) 0 TOTAL SCORE: 1410 Bonus ------- None Cogmind --------- Core Integrity 0/250 Matter 288/300 Energy 250/250 System Corruption 0% Temperature Cool (15) Movement Rolling (175) Ox5 Location -9/Mines Parts ------- > --- POWER (1) -------- Ion Engine > --- PROPULSION (2) --- Compact Wheel > --- UTILITY (2) ------ Huge Storage Unit > --- WEAPON (2) ------- Light Assault Rifle Light Assault Rifle > --- INVENTORY (25) --- Light Ion Engine Light Ion Engine Flight Unit Flight Unit Flight Unit Flight Unit Flight Unit Flight Unit Improved Heat Sink Medium Storage Unit High-capacity Battery (250) Large Matter Pod (150) High-capacity Matter Pod (200) High-capacity Matter Pod (200) Visual Processing Unit Experimental Sensor Array Seismic Detector Targeting Computer ECM Suite Light Armor Plating Light Assault Rifle Light Assault Rifle Grenade Launcher Mining Claw Peak State ------------ > --- POWER ------------ Ion Engine > --- PROPULSION ------- Compact Wheel Compact Wheel > --- UTILITY ---------- Huge Storage Unit Experimental Sensor Array > --- WEAPON ----------- Light Assault Rifle Light Assault Rifle > --- INVENTORY -------- Ion Engine Light Ion Engine Flight Unit Flight Unit Flight Unit Flight Unit Flight Unit Flight Unit Improved Heat Sink High-capacity Storage Unit Large Battery Medium Matter Pod Large Matter Pod High-capacity Matter Pod High-capacity Matter Pod Visual Processing Unit Targeting Computer ECM Suite Light Armor Plating Light Armor Plating Light Assault Rifle Light Assault Rifle Light Assault Rifle Mining Laser Mining Claw [Rating: 17] Favorites ----------- Power Ion Engine Engine Ion Engine Propulsion Compact Wheel Treads Light Treads Wheel Compact Wheel Utility Seismic Detector Device Seismic Detector Storage Huge Storage Unit Protection Light Armor Plating Weapon Light Assault Rifle Energy Gun Small Laser Ballistic Gun Light Assault Rifle Build | -11 -10 -10 -10 -9 ------- Run | Jun Mat Min Exi Min Slots Evolved . | . . . . . Power . | . . . . . Propulsion . | . . . . . Utility . | . . . . . Weapon . | . . . . . Parts Attached 26 | 7 10 5 . 4 Power 4 | 1 2 . . 1 Engine 4 | 1 2 . . 1 Core . | . . . . . Reactor . | . . . . . Propulsion 5 | 2 2 1 . . Treads 1 | . 1 . . . Leg . | . . . . . Wheel 4 | 2 1 1 . . Hover . | . . . . . Flight . | . . . . . Utility 8 | 2 3 2 . 1 Device 4 | 1 1 2 . . Storage 3 | 1 2 . . . Processor . | . . . . . Hackware . | . . . . . Protection 1 | . . . . 1 Artifact . | . . . . . Weapon 9 | 2 3 2 . 2 Energy Gun 2 | 2 . . . . Energy Cannon . | . . . . . Ballistic Gun 7 | . 3 2 . 2 Ballistic Cannon . | . . . . . Launcher . | . . . . . Special Weapon . | . . . . . Impact Weapon . | . . . . . Slashing Weapon . | . . . . . Piercing Weapon . | . . . . . Special Melee Weapon . | . . . . . Unidentified Prototypes 1 | . . 1 . . Parts Lost 7 | . 3 . . 4 Power 2 | . 1 . . 1 Propulsion 2 | . 1 . . 1 Utility 2 | . 1 . . 1 Weapon 1 | . . . . 1 Highest Loss Streak 3 | . 1 . . 3 To Critical Strikes . | . . . . . Average Slot Usage (%) 99 | . 98 100 100 98 Engine 13 | . 13 14 14 13 Treads 5 | . 9 3 . . Wheel 22 | . 17 24 28 27 Device 13 | . 13 14 14 12 Storage 14 | . 14 14 14 14 Energy Gun 2 | . 6 . . . Ballistic Gun 25 | . 21 28 28 28 Naked Turns . | . . . . . Heaviest Build 90 | 11 88 88 88 90 Greatest Support 32 | 20 20 32 32 32 Greatest Overweight (x) 5 | . 5 5 2 5 Average Overweight (x) 2 | . 2 2 2 2 Largest Inventory Capacity 25 | 8 25 25 25 25 Average Capacity 21 | 7 17 25 25 25 Most Carried 25 | 6 24 25 25 25 Average Carried 19 | 3 11 24 25 24 Final Capacity 25 | 8 25 25 25 25 Final Carried 25 | 5 24 25 25 24 Class Distribution -------------------- 56% | Scavenger-Mutant 43% | Mutant Dominant Class ---------------- Mutant | -10/Materials Scavenger-Mutant | -10/Mines Scavenger-Mutant | -10/Exiles Scavenger-Mutant | -9/Mines Resources | -11 -10 -10 -10 -9 ----------- Run | Jun Mat Min Exi Min Matter Collected 1433 | 270 646 476 . 41 Remotely . | . . . . . Salvage Created 770 | 132 394 160 . 84 Parts 62 | 17 28 8 . 9 Haulers Intercepted . | . . . . . Recyclers Shooed . | . . . . . Parts Field Recycled . | . . . . . Retrieved Matter . | . . . . . Parts Self-Destructed . | . . . . . Prevented . | . . . . . Kills | -11 -10 -10 -10 -9 ------- Run | Jun Mat Min Exi Min Combat Hostiles Destroyed 22 | . 12 5 . 5 Guns 22 | . 12 5 . 5 Classes Destroyed 5 | 2 3 . . . Tunneler 4 | 4 . . . . Recycler 2 | 1 . 1 . . Watcher 2 | . 2 . . . Swarmer 15 | . 6 4 . 5 Grunt 6 | . 6 . . . Best Kill Streak 5 | 5 3 3 . 3 Combat Bots Only 3 | . 3 3 . 3 Max Kills in Single Turn 1 | 1 1 1 . 1 Gunslinging . | . . . . . Exploded . | . . . . . Melee . | . . . . . Uniques/NPCs Destroyed 1 | . . 1 . . YI-UF0 (-10/Mines) Combat | -11 -10 -10 -10 -9 -------- Run | Jun Mat Min Exi Min Damage Taken 1076 | . 501 256 . 319 Core 260 | . 123 68 . 69 Absorbed by Shields . | . . . . . Core Remaining (%) 100 | 100 . . . . Volleys Fired 87 | 5 48 17 . 17 Largest 2 | 2 2 2 . 2 Hottest 80 | 80 80 40 . 40 Shots Fired 173 | 10 96 34 . 33 Gun 173 | 10 96 34 . 33 Cannon . | . . . . . Launcher . | . . . . . Special . | . . . . . Kinetic 115 | . 48 34 . 33 Thermal 58 | 10 48 . . . Explosive . | . . . . . Electromagnetic . | . . . . . Robot Hit Streak 10 | 4 10 5 . 5 Robot Miss Streak 6 | 1 6 2 . 2 Penetration Max . | . . . . . Secondary Targets 2 | . 2 . . . Max Gunslinging Chain 1 | . 1 . . . Shots Hit Robots 100 | 5 57 17 . 21 Core Hits 51 | 6 24 10 . 11 Critical Kills 1 | . . 1 . . Critical Parts Destroyed . | . . . . . Critical Strikes 1 | . . 1 . . Destroy 1 | . . 1 . . Melee Attacks . | . . . . . Impact . | . . . . . Slashing . | . . . . . Piercing . | . . . . . Sneak Attacks . | . . . . . Combat Hostiles . | . . . . . Follow-up Attacks . | . . . . . Damage Inflicted 949 | 69 544 161 . 175 Guns 949 | 69 544 161 . 175 Cannons . | . . . . . Explosions . | . . . . . Melee . | . . . . . Ramming . | . . . . . Kinetic 572 | . 236 161 . 175 Thermal 377 | 69 308 . . . Explosive . | . . . . . Electromagnetic . | . . . . . Impact . | . . . . . Slashing . | . . . . . Piercing . | . . . . . Highest Corruption . | . . . . . Average Corruption . | . . . . . Corruption Purged . | . . . . . Corruption Blocked . | . . . . . Overload Shots . | . . . . . Overflow Damage . | . . . . . Projectiles . | . . . . . Explosions . | . . . . . Melee . | . . . . . Knockbacks . | . . . . . Impact . | . . . . . Kinetic . | . . . . . Secondary . | . . . . . Self-Inflicted Damage . | . . . . . Shots . | . . . . . Rammed . | . . . . . Targets Rammed . | . . . . . Kicked . | . . . . . Crushed . | . . . . . Highest Temperature 146 | 72 146 . . 9 Average Temperature 44 | 33 46 . . 9 Received Heat Transfer 294 | . 174 . . 120 Siege Activations . | . . . . . Robots Corrupted . | . . . . . Combat Hostiles . | . . . . . Parts Fried . | . . . . . Impact Corruptions . | . . . . . Robots Melted . | . . . . . Combat Hostiles . | . . . . . Parts Melted . | . . . . . Heat Transferred 850 | 150 700 . . . Parts Sabotaged . | . . . . . Parts Stolen . | . . . . . Parts Stripped . | . . . . . Power Chain Reactions . | . . . . . Missiles Intercepted . | . . . . . Alert | -11 -10 -10 -10 -9 ------- Run | Jun Mat Min Exi Min Peak Influence 258 | 25 258 105 . 185 Initial 16 | . 16 . . . Average 88 | 4 121 40 . 123 Maximum Alert Level 1 | . 1 . . . Low Security (%) 87 | 100 73 100 . 100 Level 1 12 | . 26 . . . Level 2 . | . . . . . Level 3 . | . . . . . Level 4 . | . . . . . Level 5 . | . . . . . High Security . | . . . . . Max Security . | . . . . . Squads Dispatched 3 | . 3 . . . Investigation 2 | . 2 . . . Extermination . | . . . . . Reinforcement 1 | . 1 . . . Assault . | . . . . . Garrison . | . . . . . Intercept . | . . . . . Searches Triggered . | . . . . . Construction Impeded . | . . . . . Haulers Reinforced . | . . . . . Active Scanning Responses . | . . . . . Cargo Convoy Interrupts . | . . . . . Stealth | -11 -10 -10 -10 -9 --------- Run | Jun Mat Min Exi Min Distress Signals 1 | . 1 . . . Communications Jammed . | . . . . . Distress Signals . | . . . . . Times Spotted 40 | . 21 6 . 13 Peak Tracking Total 5 | . 4 3 . 5 Tactical Retreats 3 | . 1 . . 2 Traps | -11 -10 -10 -10 -9 ------- Run | Jun Mat Min Exi Min Traps Triggered 1 | . 1 . . . Indirectly . | . . . . . Trap Hack Attempts . | . . . . . Triggered . | . . . . . Disarmed . | . . . . . Reprogrammed . | . . . . . Reused . | . . . . . Traps Extracted . | . . . . . Installed . | . . . . . Triggered . | . . . . . Machines | -11 -10 -10 -10 -9 ---------- Run | Jun Mat Min Exi Min Machines Disabled . | . . . . . Max in Single Turn . | . . . . . Machines Repaired . | . . . . . Machines Sabotaged . | . . . . . Overloaded Fab Kills . | . . . . . Hacking | -11 -10 -10 -10 -9 --------- Run | Jun Mat Min Exi Min Machines Accessed 9 | . 6 1 2 . Terminals 7 | . 6 1 . . Fabricators . | . . . . . Repair Stations . | . . . . . Recycling Units . | . . . . . Scanalyzers . | . . . . . Garrison Access . | . . . . . Total Hacks 45 | . 12 1 32 . Successful 36 | . 3 1 32 . Failed 8 | . 8 . . . Catastrophic 4 | . 4 . . . Database Lockouts 1 | . 1 . . . Manual 14 | . 14 . . . Terminals 13 | . 12 1 . . Fabricators . | . . . . . Repair Stations . | . . . . . Recycling Units . | . . . . . Scanalyzers . | . . . . . Garrison Access . | . . . . . Terminal Hacks 36 | . 3 1 32 . Record 32 | . . . 32 . Robot Schematic 1 | . 1 . . . Locate Traps 1 | . 1 . . . Zone Layout 2 | . 1 1 . . Fabricator Hacks . | . . . . . Repair Station Hacks . | . . . . . Recycling Unit Hacks . | . . . . . Scanalyzer . | . . . . . Garrison Access Hacks . | . . . . . Unauthorized Hacks . | . . . . . Terminals . | . . . . . Fabricators . | . . . . . Repair Stations . | . . . . . Recycling Units . | . . . . . Scanalyzers . | . . . . . Garrison Access . | . . . . . Data Cores Recovered . | . . . . . Used . | . . . . . Hacking Detections 6 | . 6 . . . Full Trace Events . | . . . . . Feedback Events . | . . . . . Feedback Blocked . | . . . . . Robot Schematics Acquired 1 | . 1 . . . Robots Built . | . . . . . Authchips . | . . . . . Time . | . . . . . Total Robot Build Rating . | . . . . . Part Schematics Acquired . | . . . . . Parts Built . | . . . . . Authchips . | . . . . . Time . | . . . . . Total Part Build Rating . | . . . . . Parts Repaired . | . . . . . Time . | . . . . . Parts Recycled . | . . . . . Recycled Matter . | . . . . . Retrieved Matter . | . . . . . Retrieved Components . | . . . . . Parts Scanalyzed . | . . . . . Part Schematics Acquired . | . . . . . Parts Damaged . | . . . . . Bothacking | -11 -10 -10 -10 -9 ------------ Run | Jun Mat Min Exi Min Used RIF Installer . | . . . . . Robots Hacked . | . . . . . Non-combat . | . . . . . Combat . | . . . . . Robot Hacks Applied . | . . . . . Relay Couplers Released . | . . . . . Fabnet Peak Effective % . | . . . . . Robots Rewired . | . . . . . Allies Hacked . | . . . . . Hacks Repelled . | . . . . . Allies | -11 -10 -10 -10 -9 -------- Run | Jun Mat Min Exi Min Total Allies 1 | . . 1 . . Largest Group 1 | . . 1 . . Highest-Rated Group 31 | . . 31 . . Highest-Rated Ally 31 | . . 31 . . Total Orders . | . . . . . Ally Attacks 2 | . . 2 . . Total Damage 41 | . . 41 . . Kills . | . . . . . Allies Corrupted . | . . . . . Allies Melted . | . . . . . Intel | -11 -10 -10 -10 -9 ------- Run | Jun Mat Min Exi Min Robot Analysis Total . | . . . . . Derelict Logs Recovered 1 | . . 1 . . Drone Launches . | . . . . . Drone Recoveries . | . . . . . Exploration | -11 -10 -10 -10 -9 ------------- Run | Jun Mat Min Exi Min Turns Passed 3270 | 77 1282 946 676 289 Spaces Moved 2103 | 63 730 612 519 179 Core 19 | 19 . . . . Treads 55 | . 55 . . . Legs . | . . . . . Wheels 2029 | 44 675 612 519 179 Hover . | . . . . . Flight . | . . . . . Fastest Speed 50 | 50 80 130 130 130 Average Speed 133 | 70 137 138 130 130 Slowest Speed 175 | 80 175 175 130 175 Overloaded Moves . | . . . . . Propulsion Burnouts . | . . . . . Robots Hopped . | . . . . . Cave-ins Triggered . | . . . . . Exploration Rate (%) 66 | 4 99 99 90 42 Regions Visited 4 Branch Regions 3 Pre-discovered Areas 2 | . . 1 1 . Known Exits Taken . | . . . . . Unknown Exits Taken 4 | 1 1 1 1 . Scrap Searched 1 | . . 1 . . Spaces Dug . | . . . . . Terrain Destroyed . | . . . . . Melee . | . . . . . Projectile . | . . . . . AOE . | . . . . . Terrain Rammed . | . . . . . Walls Destroyed . | . . . . . Machines Disabled . | . . . . . Actions | -11 -10 -10 -10 -9 --------- Run | Jun Mat Min Exi Min Total 2429 | 84 927 685 522 211 Wait 150 | . 106 39 . 5 Move 2099 | 62 729 611 518 179 Hop . | . . . . . Pick Up 45 | 10 25 5 2 3 Fast Attach 6 | 2 2 2 . . Attach 10 | 5 3 . . 2 Detach . | . . . . . Swap 10 | . 5 3 . 2 Drop 22 | . 9 8 2 3 Fire 87 | 5 48 17 . 17 Melee . | . . . . . Ram . | . . . . . Kick . | . . . . . Crush . | . . . . . Escape Stasis . | . . . . . Rewire . | . . . . . Trap . | . . . . . Miscellaneous . | . . . . . Route ------- -11/Junkyard -10/Materials (discovered 4 exits: [*Mat x3] / *Min) -10/Mines (discovered 3 exits: [*Mat x2] / *Exi) -10/Exiles (discovered 2 exits: [*Min x2]) -9/Mines (discovered 1 exit: [*Mat]) History --------- Turn | Location | Event 14 | -11/Junkyard | Discovered new exit (range 16) 78 | -11/Junkyard | Entered Materials 293 | -10/Materials | Discovered new exit (range 16) 318 | -10/Materials | Build established: Mutant 403 | -10/Materials | Discovered new exit (range 4) 654 | -10/Materials | Central database locked down 706 | -10/Materials | Discovered new exit (range 16) 992 | -10/Materials | Discovered new exit (range 11) 1360 | -10/Materials | Entered Mines 1384 | -10/Mines | Core integrity fell below 50% 1459 | -10/Mines | Escorted by a lone wolf Derelict 1479 | -10/Mines | Learned location of Storage (-7) 1634 | -10/Mines | Learned location of 1 exit from Materials 1639 | -10/Mines | Found a damaged Exp. Sensor Array with a note attached 1643 | -10/Mines | Found Prototype Device 1643 | -10/Mines | Identified Exp. Sensor Array 1706 | -10/Mines | Build established: Scavenger-Mutant 1765 | -10/Mines | YI-UF0 nonchalantly dropped a Grenade Launcher on the ground 1821 | -10/Mines | Deemed a non-threat by the Exiles lab entrance 1821 | -10/Mines | Discovered new exit (range 5) 1871 | -10/Mines | Destroyed YI-UF0 2063 | -10/Mines | Discovered new exit (range 8) 2188 | -10/Mines | Discovered new exit (range 5) 2206 | -10/Mines | Found a hidden stash of uninstalled traps 2306 | -10/Mines | Entered Exiles 2325 | -10/Exiles | Discovered new exit (range 15) 2348 | -10/Exiles | Met 8R-AWN 2369 | -10/Exiles | Met EX-HEX 2441 | -10/Exiles | Met EX-DEC 2464 | -10/Exiles | Visited The Gauntlet 2610 | -10/Exiles | Learned location of Zion (-7) 2671 | -10/Exiles | Discovered new exit (range 10) 2823 | -10/Exiles | Met EX-BIN 2982 | -10/Exiles | Entered Mines 2992 | -9/Mines | Discovered new exit (range 6) 2995 | -9/Mines | Core integrity fell below 20% 3271 | -9/Mines | Destroyed by G-34 Mercenary with Small Laser Last Messages --------------- 03025_ S-10 Pest destroyed. 03028_ Acquired 8 matter. 03032_ Dropped Lgt. Assault Rifle. 03032_ Acquired Lgt. Assault Rifle. 03034_ Dropped Lgt. Assault Rifle. 03038_ Dropped Lgt. Ion Engine. 03038_ Acquired Lgt. Ion Engine. 03047_ K-01 Serf collects debris. 03171_ C-30 ARC bursts open, deploying its payload. 03171_ S-10 Pest unfolds itself. 03177_ S-10 Pest destroyed. 03178_ Ion Engine destroyed. 03179_ R-06 Scavenger collects Lgt. Assault Rifle. 03185_ S-10 Pest destroyed. 03186_ Acquired 15 matter. 03199_ Acquired Lgt. Ion Engine. 03212_ Acquired 10 matter. 03240_ Lgt. Assault Rifle destroyed. 03267_ Com. Wheel destroyed. 03271_ Lgt. Armor Plating destroyed. Map ----- +----------------------------------------------------+ | ????????????????????????????????????????? | | ????????????????????????????????????????? | | ????????????????????????????????????????? | | ????????????????????????????????????????? | | ????????????????????????????????????????? | | ????????????????????????????????????????? | | ????????????????????????????????????????? | | ????????????????????????????????????????? | | ????????????????????????????????????????? | | ????????????????????????????????????????? | | ????????????????????????????????????????? | | ????????????????????????????????????????? | | ????????????? ?????????????????????????? | | ????????????# ?????????????????????????? | | ????????????# ?????????????????????????? | | ????????????# ###??????????????????????? | | ????????????# ##?????????????????????? | | ???????????## #?????????????????????? | | ??????????## ##????????????????????? | | ??????????# ##????????#??????????? | | ??????????# ???????? #??????????? | | ???????????# ????#### ???????????? | | ????????????# $ #?????# ????????????? | | ???????????## ##????# $#????????????? | | ??####?????# ##???# #????????????? | | ?## ##???## #####@ #????????????? | | ?# ##### ## #????????????? | | ## g #????????????? | | g #????????????? | | " ##u g ##???????????? | | %" ##### ##??????????? | | " ## #???#### #??????????? | | #### #??????## #??????????? | | # #??## #??????## #??????????? | | # #???#######??????# #??????????? | | ## ##????????????????# ##??????????? | | ?# #????????????????? ##???????????? | | ?# #????????????????# #????????????? | | ?# #????????????????# #????????????? | | ?# #????????????????## ##????????????? | | ?# ########??????????#####?????????????? | | ?#==%% #????????????????????????????? | | ?######### #????????????????????????????? | | ?????????# #????????????????????????????? | | ?????????# ###??????????????????????????? | | ?????????# #??????????????????????????? | | ?########## #??????????????????????????? | | ?# #########??????????????????? | | ?# ######## ## ##?????????????????? | | ?# #??????# # """" #?????????????????? | +----------------------------------------------------+ Best States ------------- Heat Dissipation 25 Energy Generation 10 Energy Capacity 250 Matter Stores 300 Matter Capacity 300 Sight Range 16 Robot Scan Range 20 Terrain Scan Range 16 Terrain Scan Density 10 Armor Coverage 150 Evasion (%) 50 Recoil Reduction 1 Item Schematics ----------------- None Robot Schematics ------------------ G-34 Mercenary | -10/Materials | Hacked Fabricated ------------ Nothing Alien Tech Used ----------------- None Achievements -------------- None Challenges ------------ None Game ------ Seed ParticleShockMallet Manual? 0 Play Time 00:22:51 Cumulative 12.8 hours Start 2024.02.16 @ 13:06:00 End 2024.02.16 @ 13:27:25 Sessions 1 Manual Loads 0 Difficulty Rogue Special Mode None Game No. 7 Rogue 7 Adventurer 0 Explorer 0 Win Type - Total 0 Types 0/0/0/0/0/0/0/0/0 Lore% 14 Gallery% 16 Achievement% 18 Wizard Run 0 Options --------- ASCII 0 Keyboard 0 Movement Mouse Keybinds 0 Fullscreen 2 Font 18/SmallcapsGlow Map View 112x50 Tactical HUD 1 Map Filters NONE Filters NONE Steam 1 RUN: d2479ae5-3467-44f8-844e-d37f516bae85